AoeStats
← SeemsFishy

Fortress

509935007Analyzed
4v4 RM · 2d ago on Sep 28, 2026· 49m 14s· 8 players
Game mode
Random Map
Map size
Huge
Population
200
Speed
Normal
Resources
Standard
Victory
Conquest
Starting age
Dark Age
Ending age
Imperial Age
RankedLock teamsTeams togetherTeam positionsShared explorationLock speedFull tech treeHidden civsTurbo modeCheats
Victory
Defeat
🇮🇹 Khmer · Italy
1361
+15
🇺🇸 Romans · United States
1340
+16
🇮🇹 Ethiopians · Italy
1337
+16
🇮🇹 Franks · Italy
1296
+17
🇬🇧 Vietnamese · United Kingdom
1397
-20
🇮🇳 Wei · India
1335
-16
🇺🇸 Cumans · United States
1293
-14
🇺🇸 Varangians · United States
1292
-14
Wendysocute
7:07 Feudal Age
8:47 Double-Bit Axe
11:09 Castle Age
13:13 Bow Saw
13:11 Loom
14:09 Wheelbarrow
18:29 Gold Mining
21:32 Gold Shaft Mining
21:21 Hand Cart
24:19 Imperial Age
23:02 Town Watch
23:30 Scale Barding Armor
23:36 Forging
24:17 Husbandry
25:00 Chivalry
24:22 Cavalier
25:49 Chain Barding Armor
25:30 Paladin
26:47 Iron Casting
29:54 Plate Barding Armor
30:45 Conscription
33:42 Blast Furnace
35:37 Caravan
41:08 Fletching
46:40 Coinage
OfFspRlNg
7:12 Feudal Age
8:36 Horse Collar
11:41 Castle Age
10:17 Double-Bit Axe
15:56 Heavy Plow
18:17 Bow Saw
20:09 Wheelbarrow
24:35 Imperial Age
22:57 Loom
23:20 Scale Mail Armor
24:29 Ballistics
24:34 Chain Mail Armor
24:29 Forging
24:59 Squires
24:26 Man-at-Arms
25:13 Long Swordsman
26:21 Comitatenses
26:51 Iron Casting
27:04 Gold Mining
28:24 Chemistry
26:47 Heavy Scorpion
27:30 Legionary
28:29 Capped Ram
30:51 Blast Furnace
30:35 Conscription
30:08 Pikeman
30:45 Halberdier
32:01 Hand Cart
31:40 Fletching
32:01 Ballistas
33:07 Siege Engineers
34:47 Siege Ram
41:01 Caravan
41:11 Guilds
46:59 Scale Barding Armor
46:49 Bodkin Arrow
Lyy
7:56 Feudal Age
11:31 Castle Age
10:56 Double-Bit Axe
11:02 Gold Mining
18:00 Bow Saw
21:36 Crossbowman
23:19 Padded Archer Armor
23:14 Fletching
24:43 Bodkin Arrow
26:27 Leather Archer Armor
26:56 Gold Shaft Mining
26:12 Stone Mining
29:09 Loom
30:01 Wheelbarrow
30:00 Ballistics
33:18 Imperial Age
32:14 Thumb Ring
33:25 Stone Shaft Mining
33:14 Caravan
33:33 Arbalester
33:41 Capped Ram
34:56 Bracer
35:26 Ring Archer Armor
36:03 Chemistry
35:14 Masonry
35:55 Hand Cart
36:29 Conscription
36:15 Siege Ram
40:01 Coinage
47:24 Town Watch
511
7:56 Feudal Age
11:08 Castle Age
8:59 Double-Bit Axe
8:57 Horse Collar
12:43 Bow Saw
12:38 Heavy Plow
17:46 Wheelbarrow
17:29 Loom
18:30 Gold Mining
19:53 Hand Cart
19:47 Town Watch
20:54 Stone Mining
24:40 Imperial Age
22:17 Fletching
22:55 Ballistics
23:19 Bodkin Arrow
24:49 Bloodlines
24:39 Husbandry
24:00 Light Cavalry
25:31 Heavy Scorpion
26:34 Conscription
26:36 Scale Barding Armor
26:32 Bracer
27:46 Chemistry
26:48 Hussar
28:10 Siege Engineers
29:36 Chain Barding Armor
33:17 Capped Ram
34:52 Plate Barding Armor
35:42 Double Crossbow
35:59 Forging
36:16 Siege Ram
38:10 Iron Casting
SeemsFishy
7:40 Feudal Age
11:54 Castle Age
12:09 Double-Bit Axe
12:06 Horse Collar
13:22 Bow Saw
13:15 Heavy Plow
14:21 Wheelbarrow
13:43 Loom
15:17 Gold Mining
19:08 Wheelbarrow
18:40 Stone Mining
20:22 Stone Shaft Mining
21:00 Hand Cart
24:52 Imperial Age
22:41 Fletching
23:56 Bodkin Arrow
24:18 Scale Mail Armor
24:29 Forging
25:15 Onager
26:32 Paper Money
25:49 Pikeman
26:29 Squires
31:32 Halberdier
33:39 Chemistry
33:10 Crossbowman
33:56 Thumb Ring
34:51 Arbalester
35:45 Bracer
35:46 Padded Archer Armor
38:01 Ballistics
38:08 Leather Archer Armor
39:13 Chain Mail Armor
39:33 Iron Casting
39:26 Siege Engineers
41:31 Fortified Wall
45:19 Plate Mail Armor
ryaNNN
6:36 Feudal Age
7:26 Double-Bit Axe
7:35 Horse Collar
17:45 Castle Age
16:22 Wheelbarrow
15:33 Loom
15:35 Town Watch
16:15 Gold Mining
16:16 Stone Mining
19:26 Hand Cart
21:26 Heavy Plow
22:43 Bow Saw
23:33 Gold Shaft Mining
25:58 Fletching
26:08 Padded Archer Armor
27:15 Bodkin Arrow
27:36 Leather Archer Armor
29:10 Masonry
29:22 Ballistics
29:44 Scale Barding Armor
32:18 Chain Barding Armor
32:09 Forging
39:51 Imperial Age
42:11 Bloodlines
42:56 Plate Barding Armor
42:56 Ring Archer Armor
43:28 Scale Mail Armor
44:04 Iron Casting
43:34 Elite Steppe Lancer
iskk
8:13 Feudal Age
9:48 Double-Bit Axe
9:45 Horse Collar
12:30 Castle Age
14:14 Bow Saw
16:29 Heavy Plow
18:28 Loom
19:21 Wheelbarrow
19:01 Gold Mining
19:04 Stone Mining
21:21 Stone Shaft Mining
24:10 Hand Cart
23:40 Town Watch
28:32 Imperial Age
27:16 Scale Barding Armor
27:22 Forging
27:29 Bloodlines
27:20 Husbandry
29:52 Chain Barding Armor
30:08 Iron Casting
29:22 Cavalier
33:17 Blast Furnace
32:53 Plate Barding Armor
35:10 Light Cavalry
36:27 Caravan
36:37 Guilds
36:59 Hussar
44:04 Fletching
Void Walker
7:29 Feudal Age
11:57 Castle Age
9:43 Horse Collar
9:52 Double-Bit Axe
11:55 Loom
12:52 Bow Saw
13:36 Heavy Plow
17:42 Wheelbarrow
18:48 Stone Mining
18:48 Gold Mining
20:06 Gold Mining
23:11 Hand Cart
24:35 Stone Shaft Mining
24:35 Gold Shaft Mining
26:35 Imperial Age
24:25 Scale Barding Armor
24:31 Forging
25:11 Husbandry
26:42 Chain Barding Armor
27:33 Iron Casting
27:13 Bloodlines
28:05 Ming Guang Armor
30:11 Blast Furnace
30:42 Conscription
30:29 Tuntian
30:14 Elite Tiger Cavalry
35:05 Chemistry
34:16 Masonry
34:30 Fletching
36:43 Bodkin Arrow
40:09 Hoardings
40:04 Light Cavalry
40:59 Hussar
46:19 Town Watch
48:03 Ballistics
Connection lost

Rejoining the realm…

Still unreachable

The connection could not be restored.

Session expired

The server has moved on; the page needs a fresh start.